 Dungeon Crawl Stone Soup version 0.28.0 (webtiles) character file.

Game seed: 11483150085010383286

116 RascalDebosk the Grave Robber (level 4, -1/31 HPs)
             Began as a Demonspawn Necromancer on Feb 8, 2022.
             Succumbed to a water moccasin's poison
             ... on level 3 of the Dungeon on Feb 9, 2022.
             The game lasted 00:36:59 (3311 turns).

RascalDebosk the Grave Robber (DsNe)                Turns: 3311, Time: 00:37:00

Health: -1/31      AC:  3    Str:  8    XL:     4   Next: 69%
Magic:  7/7        EV: 12    Int: 19    God:
Gold:   42         SH:  0    Dex: 13    Spells: 2/8 levels left

rFire   . . .      SeeInvis .   g - +3 dagger (venom)
rCold   . . .      Faith    .   (no shield)
rNeg    . . .      Spirit   .   a - +0 robe
rPois   .          Reflect  .   i - +0 helmet
rElec   .          Harm     .   (no cloak)
rCorr   .          Rampage  .   (no gloves)
Will    .....                   (no boots)
Stlth   +.........              (no amulet)
HPRegen 0.10/turn               (no ring)
MPRegen 0.10/turn               (no ring)

@: confused, lethally poisoned (-1 -> -31), ambrosia-drunk
A: claws 1
a: no special abilities


You were on level 3 of the Dungeon.
You visited 1 branch of the dungeon, and saw 3 of its levels.

You collected 42 gold pieces.

Inventory:

Hand Weapons
 d - a +0 dagger
 g - a +3 dagger of venom (weapon)
Armour
 a - a +0 robe (worn)
 i - a +0 helmet (worn)
Scrolls
 e - a scroll of brand weapon {unknown}
 f - 3 scrolls of blinking {unknown}
 j - a scroll of teleportation {unknown}
 l - a scroll of identify {unknown}
Potions
 b - a potion of invisibility {unknown}
 h - a potion of attraction {unknown}
 k - a potion of haste {unknown}


   Skills:
 + Level 0.6 Fighting
 + Level 0.9 Short Blades
 + Level 0.6 Staves
 + Level 0.7 Armour
 + Level 2.0 Dodging
 + Level 2.1 Stealth
 * Level 2.5 Spellcasting
 * Level 4.8 Necromancy
 * Level 1.1 Translocations
 + Level 1.6 Invocations


You had 2 spell levels left.
You knew the following spells:

 Your Spells              Type           Power      Damage    Failure   Level
a - Pain                  Necr           80%        1d8       2%          1
b - Blink                 Tloc           12%        N/A       16%         2
c - Vampiric Draining     Necr           20%        2d7       6%          3

Your spell library contained the following spells:

 Spells                   Type           Power      Damage    Failure   Level
 Animate Skeleton         Necr           40%        N/A       2%          1
 Ensorcelled Hibernation  Hex/Ice        4%         N/A       24%         2
 Passwall                 Tmut/Erth      1%         N/A       24%         2
 Animate Dead             Necr           10%        N/A       22%         4
 Lesser Beckoning         Tloc           6%         N/A       30%         3
 Swiftness                Air            2%         N/A       43%         3
 Agony                    Necr           20%        N/A       52%         5
 Manifold Assault         Tloc           6%         N/A       95%         5


Dungeon Overview and Level Annotations

Branches:
Dungeon (3/15)

Altars:

Shops:
D:1 !


Innate Abilities, Weirdness & Mutations

You have sharp fingernails.


Message History

The gnoll closely misses you.
Aiming: Pain (safe; 2% risk of failure)
Press: ? - help, Q - select action, (/) - cycle Shift-Dir - straight line, f/p - gnoll
Aim: a gnoll, wielding a +0 whip (severely wounded, chance to affect: 84%)
The gnoll barely resists.
The gnoll hits you with a +0 whip.
Aiming: Pain (safe; 2% risk of failure)
Press: ? - help, Q - select action, (/) - cycle Shift-Dir - straight line, f/p - gnoll
Aim: a gnoll, wielding a +0 whip (severely wounded, chance to affect: 84%)
The gnoll writhes in agony.
You kill the gnoll!
The water moccasin barely misses you.
You closely miss the water moccasin. You barely miss the water moccasin.
The water moccasin bites you! The ball python misses you. x2
You hit the water moccasin.
The water moccasin is lightly wounded.
The water moccasin bites you but does no damage.
The ball python closely misses you. x2; The water moccasin barely misses you.
You hit the water moccasin but do no damage.
The water moccasin is lightly wounded.
The water moccasin bites you.
* * * LOW HITPOINT WARNING * * *
You are lethally poisoned!
The water moccasin poisons you! The ball python misses you.
The ball python barely misses you.
You are confused.
You feel invigorated.
* * * LOW HITPOINT WARNING * * *
You feel very sick. The water moccasin barely misses you.
The ball python closely misses you. The ball python barely misses you.
The water moccasin bites you!
* * * LOW HITPOINT WARNING * * *
* * * LOW HITPOINT WARNING * * *
You feel very sick. The water moccasin bites you.
* * * LOW HITPOINT WARNING * * *
You are more poisoned.
The water moccasin poisons you!
You die...

#... #..# #.<#
#..# #..# ##..#
####...#
#......# #
#.##.@.#.# #
##..#.#####
#SS.......
##)#......
#.####### #.#
#)#
#.####)######..
#.........ggS..


You could see a water moccasin and a ball python.

Vanquished Creatures
  Robin (D:1)
  3 gnolls (D:3)
  A worm (D:2)
  2 dart slugs (D:1)
  5 endoplasms
  3 giant cockroaches
  10 goblins
  7 hobgoblins
  3 quokkas
  7 ball pythons
  5 bats
  7 frilled lizards
  8 kobolds (D:1)
  4 rats
66 creatures vanquished.

Vanquished Creatures (others)
  A fungus (D:1)
  A plant (D:1)
2 creatures vanquished.

Grand Total: 68 creatures vanquished

Notes
Turn   | Place    | Note
-------+----------+-------------------------------------------
     0 | D:1      | RascalDebosk the Demonspawn Necromancer began the quest for
                  | the Orb.
     0 | D:1      | Reached XP level 1. HP: 13/13 MP: 3/3
    62 | D:1      | Found Xymo's Distillery.
   405 | D:1      | Gained mutation: You have sharp fingernails. [demonic
                  | ancestry]
   405 | D:1      | Reached XP level 2. HP: 17/19 MP: 3/5
   539 | D:1      | Reached skill level 1 in Invocations
   542 | D:1      | Learned a level 2 spell: Blink
  1033 | D:1      | Reached XP level 3. HP: 14/24 MP: 3/6
  1059 | D:1      | Found a faded altar of an unknown god.
  1230 | D:1      | Learned a level 3 spell: Vampiric Draining
  1738 | D:2      | Noticed Robin
  2497 | D:2      | HP: 1/25 [fell downstairs (1)]
  2505 | D:1      | Killed Robin
  2506 | D:1      | Reached skill level 1 in Translocations
  2506 | D:1      | Reached XP level 4. HP: 5/31 MP: 5/7
  3287 | D:3      | Noticed a water moccasin
  3309 | D:3      | HP: 1/31 [water moccasin (8)]
  3311 | D:3      | Succumbed to a water moccasin's poison

Illustrated notes

Levels and vault maps discovered:
D:1:      lemuel_arrival_muddy, layout_basic,
          shapermc_ecumenical_altar_notcrosses, serial_shops,
          nicolae_shop_hallway_stairs
D:2:      layout_loops_cross, uniq_robin
D:3:      layout_loops_ring, uniq_ijyb

Skill      XL: |  1  2  3  4 |
---------------+-------------+-----
Invocations    | 1 |  1.6
Stealth        | 2 |  2.1
Translocations | 1 |  1.1
Dodging        | 2 |  2.0
Fighting       | |  0.6
Short Blades   | |  0.9
Staves         | |  0.6
Armour         | |  0.7
Spellcasting   | |  2.5
Necromancy     | |  4.8

Action                   |  1- 3 |  4- 6 || total
-------------------------+-------+-------++-------
Melee: Unarmed           |     2 |       ||     2
       Dagger            |    35 |     9 ||    44
       Short sword       |     6 |       ||     6
 Cast: Pain              |    86 |    22 ||   108
  Use: Potion            |     1 |     1 ||     2
 Stab: Sleeping          |     1 |       ||     1
Armor: Robe              |    15 |     3 ||    18
Dodge: Dodged            |    52 |    15 ||    67
